 Dungeon Crawl Stone Soup version 0.28.0-47-ge53b351184 (webtiles) character file.

Game seed: 3002962371865948916

9 Bruhh the Magician (level 2, 0/21 HPs)
             Began as a Djinni Fire Elementalist on Apr 30, 2022.
             Constricted to death by a ball python (1 damage)
             ... on level 1 of the Dungeon.
             The game lasted 00:00:36 (438 turns).

Bruhh the Magician (Djinni Fire Elementalist)        Turns: 438, Time: 00:00:36

Health: 0/21       AC:  2    Str:  7    XL:     2   Next: 20%
Gold:   15         EV:  9    Int: 16    God:
                   SH:  0    Dex: 13

rFire   + + .      SeeInvis .   (no weapon)
rCold   x . .      Faith    .   (no shield)
rNeg    . . .      Spirit   .   a - +0 robe
rPois   ∞          Reflect  .   (no helmet)
rElec   .          Harm     .   (no cloak)
rCorr   .          Rampage  .   (no gloves)
Will    .....                   (boots unavailable)
Stlth   ++........              (no amulet)
HPRegen 0.07/turn               (no ring)
MPRegen 0.00/turn               (no ring)

@: flying, very slightly contaminated, constricted
A: sickness immunity, fire resistance 2, cold vulnerability 1, float, innate
caster, HP casting, extra vitality 1
a: no special abilities


You were on level 1 of the Dungeon.
You visited 1 branch of the dungeon, and saw 1 of its levels.

You collected 15 gold pieces.

Inventory:

Armour
 a - a +0 robe (worn)
Jewellery
 d - an amulet of reflection
Scrolls
 b - a scroll of identify {unknown}
 e - a scroll of fog {unknown}
Potions
 c - a potion of berserk rage {unknown}


   Skills:
 + Level 2.5 Dodging
 + Level 1.9 Stealth
 + Level 2.5 Spellcasting


You couldn't memorise any spells.
You knew the following spells:

 Your Spells              Type           Power      Damage    Failure   Level
a - Foxfire               Conj/Fire      40%        2x1d6     7%          1
b - Scorch                Fire           20%        2d6       11%         2
c - Conjure Flame         Conj/Fire      10%        6-21      21%         3
d - Inner Flame           Hex/Fire       10%        N/A       21%         3
e - Flame Wave            Conj/Fire      10%        2d5       56%         4
Your spell library was empty.

Dungeon Overview and Level Annotations

Branches:
Dungeon (1/15)

Altars:


Innate Abilities, Weirdness & Mutations

You are immune to sickness and miasma.
You are immune to poison.
Your flesh is very heat resistant. (rF++)
You are vulnerable to cold. (rC-)
You float through the air rather than walking.
You learn spells naturally, not from books.
Your magical power is your life essence.
You have superior vitality. (+4 MHP)


Message History

Casting: Foxfire (safe; 7% risk of failure)
Confirm with . or Enter, or press ? or * to list all spells.
You conjure some foxfire!
Unknown command.
Casting: Foxfire (safe; 7% risk of failure)
Confirm with . or Enter, or press ? or * to list all spells.
Flames lash the dart slug.
The dart slug is severely wounded.
The dart slug's fire resistance burns away.
* * * LOW HITPOINT WARNING * * *
You hear a shout!
You hear an angry hiss.
The foxfire hits the dart slug.
The dart slug is burned terribly!
The dart slug is almost dead.
Casting: Scorch (safe; 11% risk of failure)
Confirm with . or Enter, or press ? or * to list all spells.
Flames lash the dart slug.
The dart slug is burned terribly!
You kill the dart slug!
* * * LOW HITPOINT WARNING * * *
A ball python comes into view.
Unknown command.
There's nothing to open nearby.
There's nothing to open nearby.
You are too injured to fight recklessly!
You are too injured to fight recklessly!
A goblin, a rat and a kobold come into view.
The kobold shouts!
Your foxfire dissipates!
The goblin moves out of view.
The ball python misses you. The ball python grabs you.
The ball python constricts you.
Casting: Scorch (safe; 11% risk of failure)
Confirm with . or Enter, or press ? or * to list all spells.
You miscast Scorch.
You are very lightly contaminated with residual magic.
Nothing appears to happen.
* * * LOW HITPOINT WARNING * * *
The ball python bites you.
* * * LOW HITPOINT WARNING * * *
The ball python constricts you.
You die...

. ###. #.. #.. ... ... #?#
#.# #.# #.# #.# ###.# #.#
##...## # #S# ##..#..#
#.##@####
#..###.##.##....r..#
#.###<....#####.##K)g...(
#.# ###..#.#..#.# ##.....
#.## ######.#.####....#
##..#####.................
..........####§.####..###.
.#...#########..# #
.............#.##


You could see a goblin, a ball python, a kobold and a rat.

Vanquished Creatures
  A dart slug (D:1)
  A bat (D:1)
  A hobgoblin (D:1)
  A frilled lizard (D:1)
  2 kobolds (D:1)
  A rat (D:1)
7 creatures vanquished.

Vanquished Creatures (others)
  29 foxfires (D:1)
29 creatures vanquished.

Grand Total: 36 creatures vanquished

Notes
Turn   | Place    | Note
-------+----------+-------------------------------------------
     0 | D:1      | Bruhh the Djinni Fire Elementalist began the quest for the
                  | Orb.
     0 | D:1      | Reached XP level 1. HP: 15/15 MP: 0/0
   423 | D:1      | Reached XP level 2. HP: 8/21 MP: 0/0
   438 | D:1      | HP: 1/21 [ball python (1)]
   438 | D:1      | Constricted to death by a ball python

Illustrated notes

Levels and vault maps discovered:
D:1:      dpeg_arrival_round_a, layout_rooms, minmay_ruptured

Action                   || total
-------------------------++-------
 Cast: Foxfire           ||    20
       Scorch            ||     2
Armor: Robe              ||     2
Dodge: Dodged            ||     3
